 Dungeon Crawl Stone Soup version 0.31-a0-187-gba352fbbf7 (webtiles) character file.

Game seed: 1567633408786576026

105 qw the Skirmisher (level 4, 0/25 HPs)
             Began as a Deep Elf Hunter on June 22, 2023.
             Slain by a cerulean imp
             ... wielding a +1 spear
             ... summoned by Natasha
              (3 damage)
             ... on level 2 of the Dungeon.
             The game lasted 00:00:32 (1563 turns).

qw the Skirmisher (Deep Elf Hunter)                 Turns: 1563, Time: 00:00:32

Health: 0/25       AC:  3    Str: 10    XL:     4   Next: 54%
Magic:  6/6        EV: 12    Int: 14    God:
Gold:   118        SH:  0    Dex: 18    Spells: 3/3 levels left

rFire   . . .        Y - +0 shortbow
rCold   . . .        (shield currently unavailable)
rNeg    . . .        c - +0 leather armour
rPois   .            (no helmet)
rElec   .            (no cloak)
rCorr   .            (no gloves)
SInv    .            (no boots)
Will    .....        (no amulet)
Stlth   ++           (no ring)
HPRegen 0.24/turn    (no ring)
MPRegen 0.10/turn

%: no passive effects
@: slowed, very slow
A: no striking features
a: no special abilities


You were on level 2 of the Dungeon.
You visited 1 branch of the dungeon, and saw 2 of its levels.

You collected 118 gold pieces.


   Skills:
 - Level 1.5 Fighting
 + Level 8.0 Ranged Weapons
 - Level 2.4 Dodging
 - Level 1.2 Stealth


You had 3 spell levels left.
You didn't know any spells.
Your spell library was empty.

Inventory:

Hand Weapons
 Y - a +0 shortbow (weapon)
Armour
 c - a +0 leather armour (worn)
 j - a +0 cloak
Scrolls
 a - 2 scrolls of enchant armour {unknown}
 b - a scroll of teleportation {unknown}
 e - 4 scrolls of fear {unknown}
 k - a scroll of revelation {unknown}
Potions
 d - a potion of enlightenment {unknown}
 f - a potion of attraction {unknown}
 g - a potion of resistance {unknown}
 h - a potion of mutation {unknown}
 i - a potion of berserk rage {unknown}

Dungeon Overview and Level Annotations

Branches:
Dungeon (2/15)

Altars:
Ru

Annotations:
D:2 Natasha


Message History

Natasha wildly gestures.
You feel disoriented.
Natasha stares at you and mumbles some strange words.
You feel as though you will be slow longer.
You shoot an arrow. The arrow hits Natasha.
Natasha is moderately wounded.
Natasha barely misses you.
You shoot an arrow. The arrow closely misses Natasha.
Natasha claws you. Natasha closely misses you.
You shoot an arrow. The arrow closely misses Natasha.
Natasha casts a spell.
You shoot an arrow. The arrow hits Natasha.
Natasha is heavily wounded.
Natasha mumbles some strange words.
The cerulean imp hits you from afar with a +0 spear.
Natasha stares at you and mumbles some strange words.
You resist with some effort.
You shoot an arrow. The arrow hits Natasha.
Natasha is severely wounded.
The cerulean imp hits you from afar with a +0 spear.
Natasha misses you.
The cerulean imp hits you with a +1 spear.
The cerulean imp misses you.
You shoot an arrow. The arrow barely misses Natasha.
The arrow closely misses the cerulean imp.
Natasha closely misses you.
The cerulean imp hits you with a +1 spear.
The cerulean imp hits you from afar with a +0 spear.
Natasha stares at you and mumbles some strange words.
You resist with some effort. The cerulean imp barely misses you.
You shoot an arrow. The arrow barely misses Natasha.
The arrow hits the cerulean imp but does no damage.
The cerulean imp barely misses you. Natasha barely misses you.
The cerulean imp hits you with a +1 spear.
The cerulean imp barely misses you.
You shoot an arrow. The arrow barely misses Natasha.
The arrow closely misses the cerulean imp.
Natasha claws you.
The cerulean imp hits you with a +1 spear.
You die...

....# #.#...........# # ....#
#.#...........# # ....#
#.............# # ##.##
#............#### # #.#
#.#....####### #.# # ###...
##.#####.# #..#### ## #......#.#
#.....# #. #......#.# #.##@## #.
#......#.# #.##5h##############.
#......#.####.###.5..............
.......#.......########.........[
....####.......# #..........
....####.......# ##.........
..)......####.## #.........
....###### #.# ###...##### ....#
#.#########.....###.%


You could see Natasha and 2 cerulean imps.

Vanquished Creatures
  Natasha (twice) (D:2)
  A worm (D:2)
  3 dart slugs
  5 endoplasms
  3 giant cockroaches
  3 goblins
  5 hobgoblins
  3 kobolds
  3 quokkas (D:1)
  6 ball pythons
  2 bats
  6 frilled lizards (D:1)
  2 rats (D:1)
44 creatures vanquished.

Notes
Turn   | Place    | Note
-------+----------+-------------------------------------------
     0 | D:1      | qw the Deep Elf Hunter began the quest for the Orb.
     0 | D:1      | Reached XP level 1. HP: 12/12 MP: 3/3
     0 | D:1      | 0 ||| qw: Version: 0.3-a-9-g12657ce
     0 | D:1      | 0 ||| qw: Game counter: 2583
     0 | D:1      | 0 ||| qw: Always use a shield: true
     0 | D:1      | 0 ||| qw: God list: Okawaru
     0 | D:1      | 0 ||| qw: Allow faded altars: false
     0 | D:1      | 0 ||| qw: Do Orc after D:15 true
     0 | D:1      | 0 ||| qw: Do second Lair branch before Depths: true
     0 | D:1      | 0 ||| qw: Lair rune preference: random
     0 | D:1      | 0 ||| qw: Plans: Normal
     0 | D:1      | 0 ||| PLANNING D:1-11
    62 | D:1      | Reached XP level 2. HP: 10/16 MP: 4/4
   129 | D:1      | Reached skill level 6 in Ranged Weapons
   162 | D:1      | Found a faded altar of an unknown god.
   452 | D:1      | Reached XP level 3. HP: 20/20 MP: 5/5
  1025 | D:1      | 1025 ||| READING scroll labelled KISUFI UPSUYNN.
  1026 | D:1      | 1026 ||| READING 3 scrolls labelled CUGGIQ EKEMAKH.
  1027 | D:1      | 1027 ||| DROPPING scroll of butterflies.
  1028 | D:1      | 1028 ||| DROPPING 2 scrolls of immolation.
  1091 | D:2      | Found a sacrificial altar of Ru.
  1124 | D:2      | Reached skill level 7 in Ranged Weapons
  1346 | D:2      | Noticed Natasha
  1349 | D:2      | Killed Natasha
  1350 | D:2      | Reached XP level 4. HP: 25/25 MP: 6/6
  1540 | D:2      | Noticed Natasha
  1544 | D:2      | Killed Natasha
  1545 | D:2      | Reached skill level 8 in Ranged Weapons
  1553 | D:2      | Noticed Natasha
  1563 | D:2      | HP: 3/25 [Natasha (5)]
  1563 | D:2      | Slain by a cerulean imp

Levels and vault maps discovered:
D:1:      erik_arrival_cave_to_civilisation [erik_arrival_cave_to_hall],
          layout_basic, basic_ecumenical_altar
D:2:      cheibrodos_old_hovel, layout_basic, basic_altar, uniq_natasha

Skill      XL: |  1  2  3  4 |
---------------+-------------+-----
Ranged Weapons | 6 7 8 |  8.0
Fighting       | |  1.5
Dodging        | |  2.4
Stealth        | |  1.2

Action                     |  1- 3 |  4- 6 || total
---------------------------+-------+-------++-------
   Fire: Shortbow          |   107 |    14 ||   121
    Use: Scroll            |     2 |       ||     2
 Armour: Leather armour    |     5 |       ||     5
  Dodge: Dodged            |    24 |    11 ||    35

Table legend:
 A = Non-vault XP
 B = Vault XP
 C = Vault XP percentage of total XP
 D = Non-vault monster count
 E = Vault monster count
 F = Vault count percentage of total count
                 A         B        C        D         E       F
            +---------+---------+-------+---------+---------+-------
      Total |     107 |      44 |  29.1 |      40 |       4 |   9.1
            +---------+---------+-------+---------+---------+-------
        D:1 |      44 |       6 |  12.0 |      27 |       2 |   6.9
        D:2 |      63 |      38 |  37.6 |      13 |       2 |  13.3
            +---------+---------+-------+---------+---------+-------
